 Dungeon Crawl Stone Soup version 0.23-a0-33-g1e3a2e4 (console) character file.

769 Hector the Cleaver (level 7, -16/41 HPs)
             Began as a Tengu Fighter on Aug 4, 2018.
             Demolished by an ogre
             ... wielding a +0 giant spiked club
              (29 damage)
             ... on level 5 of the Dungeon.
             The game lasted 00:09:01 (4432 turns).

Hector the Cleaver (Tengu Fighter)                  Turns: 4432, Time: 00:09:01

Health: -16/41     AC:  8    Str: 21    XL:     7   Next: 82%
Magic:  8/8        EV:  7    Int:  9    God:
Gold:   243        SH:  9    Dex: 13    Spells: 6/6 levels left

rFire    . . .     SeeInvis .   a - +0 war axe
rCold    . . .     Gourm    .   c - +0 shield
rNeg     . . .     Faith    .   b - +0 scale mail
rPois    .         Spirit   .   (helmet restricted)
rElec    .         Reflect  .   (no cloak)
rCorr    .         Harm     .   q - +0 pair of gloves {Str+3}
MR       .....                  (boots unavailable)
Stlth    ..........             B - amulet of magic regeneration
HPRegen  0.13/turn              (no ring)
MPRegen  0.36/turn              (no ring)

@: no status effects
A: beak, talons 3, able to fly 1
a: Fly


You were on level 5 of the Dungeon.
You were not hungry.

You visited 1 branch of the dungeon, and saw 5 of its levels.

You collected 243 gold pieces.

Inventory:

Hand Weapons
 a - a +0 war axe (weapon)
 m - a +0 whip
 C - a +0 hunting sling
 E - a +0 mace of protection
Missiles
 r - 247 stones (quivered)
 t - 22 arrows
 x - 38 bolts
Armour
 b - a +0 scale mail (worn)
 c - a +0 shield (worn)
 q - a +0 pair of gloves of strength (worn)
Jewellery
 e - an uncursed amulet of harm
 B - an amulet of magic regeneration (around neck)
Wands
 H - a wand of acid (6)
 I - a wand of polymorph (14)
Scrolls
 g - a scroll of blinking {unknown}
 l - a scroll of enchant armour {unknown}
 n - 3 scrolls of teleportation {unknown}
 o - 3 scrolls of identify {unknown}
 p - 3 scrolls of enchant weapon {unknown}
 u - 2 scrolls of random uselessness {unknown}
 y - 2 scrolls of magic mapping {unknown}
 F - a scroll of amnesia {unknown}
 G - a scroll of remove curse {unknown}
Potions
 d - a potion of might
 h - 3 potions of brilliance {unknown}
 i - 2 potions of agility {unknown}
 j - 2 potions of cancellation {unknown}
 k - 2 potions of curing {unknown}
 s - a potion of invisibility {unknown}
 v - a potion of berserk rage {unknown}
 w - a potion of heal wounds {unknown}
 z - a potion of lignification {unknown}
 A - a potion of degeneration {unknown}
Comestibles
 f - 8 rations
 D - a chunk of flesh


   Skills:
 + Level 3.1 Fighting
 * Level 9.1 Axes
 + Level 3.7 Armour
 + Level 0.5 Dodging
 + Level 3.2 Shields


You had 6 spell levels left.
You didn't know any spells.
Your spell library was empty.

Dungeon Overview and Level Annotations

Branches:
Dungeon (5/15)
 Temple: D:4-7

Altars:
Cheibriados
Zin


Innate Abilities, Weirdness & Mutations

You have a beak for a mouth.
You have claws for feet.
You can fly.


Message History

f - 8 rations (gained 1)
Found an escape hatch in the floor.
You now have 230 gold pieces (gained 6).
You now have 243 gold pieces (gained 13).
An ogre comes into view. It is wielding a giant spiked club.
The ogre shouts!
You barely miss the ogre. You block the ogre's attack.
You hit the ogre.
The ogre is lightly wounded.
You hit the ogre but do no damage. You claw the ogre! You peck the ogre.
The ogre is heavily wounded.
The ogre hits you with a giant spiked club!
You hit the ogre but do no damage. Your kick misses the ogre.
The ogre is heavily wounded.
The ogre hits you with a giant spiked club!
You hit the ogre but do no damage. Your kick misses the ogre.
The ogre is heavily wounded.
The ogre hits you with a giant spiked club!!
Ouch! That really hurt!
You die...

#.####.#######.#
#............<.#
#.รท###.#########
#..# #.# #..# #.#
#).# #.# ######
#..###.# ....
#......#######O###.#
#.#.........#.>@...#
#.#............###.#
#.#..######.#.#####
#.#..#....# #.#...
#.#..####.# #.#.###
#.#.......# #.....#
#.##.####.# ###.#.#
#....# #.#.....#.#
###### #.#######.#


You could see an ogre.

Vanquished Creatures
  2 scorpions (D:5)
  A hound (D:4)
  A quasit (D:5)
  A bullfrog skeleton (D:4)
  2 bullfrog zombies (D:4)
  3 centaur zombies (D:4)
  An orc wizard (D:5)
  Ijyb (D:5)
  Natasha (thrice) (D:3)
  3 worker ants (D:4)
  2 hound skeletons (D:4)
  A worker ant zombie (D:4)
  A gnoll (D:1)
  7 adders
  An ooze (D:3)
  An adder skeleton (D:4)
  3 dart slugs
  5 leopard geckos
  3 orcs
  4 giant cockroaches
  14 goblins
  12 hobgoblins
  3 jackals (D:4)
  5 quokkas
  A ball python (D:3)
  4 bats
  8 frilled lizards
  A jackal skeleton (D:4)
  4 kobolds
  A leopard gecko skeleton (D:5)
  A leopard gecko zombie (D:4)
  A quokka skeleton (D:4)
  5 rats
106 creatures vanquished.

Notes
Turn   | Place    | Note
-------+----------+-------------------------------------------
     0 | D:1      | Hector the Tengu Fighter began the quest for the Orb.
     0 | D:1      | Reached XP level 1. HP: 14/14 MP: 2/2
     6 | D:1      | Reached skill level 3 in Axes
     6 | D:1      | Reached XP level 2. HP: 19/19 MP: 3/3
   253 | D:1      | Reached XP level 3. HP: 23/23 MP: 4/4
   461 | D:1      | Reached skill level 4 in Axes
   839 | D:2      | Reached XP level 4. HP: 26/28 MP: 5/5
  1362 | D:2      | Reached skill level 5 in Axes
  1801 | D:3      | Noticed Natasha
  1809 | D:3      | Killed Natasha
  1809 | D:3      | Gained mutation: You can fly. [Tengu growth]
  1809 | D:3      | Reached XP level 5. HP: 23/32 MP: 6/6
  1900 | D:3      | Noticed Natasha
  1904 | D:3      | Killed Natasha
  1933 | D:3      | Found a glowing silver altar of Zin.
  2006 | D:3      | Noticed Natasha
  2011 | D:3      | Killed Natasha
  2011 | D:3      | Reached skill level 6 in Axes
  2812 | D:4      | Reached XP level 6. HP: 20/37 MP: 7/7
  2931 | D:4      | Reached skill level 7 in Axes
  3475 | D:4      | Reached skill level 8 in Axes
  3475 | D:4      | Reached XP level 7. HP: 31/41 MP: 8/8
  3739 | D:4      | Found a snail-covered altar of Cheibriados.
  3939 | D:5      | Entered Level 5 of the Dungeon
  4328 | D:5      | Reached skill level 9 in Axes
  4351 | D:5      | Noticed Ijyb
  4365 | D:5      | Killed Ijyb
  4432 | D:5      | Demolished by an ogre

Vault maps used:
D:1:      minmay_arrival_five_plusses
D:3:      cheibrodos_greedy_goblins, overflow_temple_1_default, first_ration,
          uniq_natasha
D:4:      kennysheep_mini, serial_undead, serial_undead_d, serial_undead_e,
          serial_undead_f, serial_undead_d
D:5:      uniq_ijyb

Skill      XL: |  1  2  3  4  5  6  7 |
---------------+----------------------+-----
Axes           | 3 4 5 6 8 9 |  9.1
Fighting       | |  3.1
Armour         | |  3.7
Dodging        | |  0.5
Shields        | |  3.2

Action                   |  1- 3 |  4- 6 |  7- 9 || total
-------------------------+-------+-------+-------++-------
Melee: War axe           |    39 |   170 |    49 ||   258
       Peck              |    10 |    32 |     9 ||    51
       Kick              |     8 |    46 |    10 ||    64
  Eat: Chunk             |       |     8 |     3 ||    11
Armor: Scale mail        |    15 |    75 |    29 ||   119
       Skin              |       |       |     2 ||     2
Dodge: Dodged            |     8 |    44 |    29 ||    81
Block: Shield            |    11 |    81 |    29 ||   121

Table legend:
 A = Spawn XP
 B = Non-spawn XP
 C = Spawn XP percentage of total XP
 D = Spawn monster count
 E = Non-spawn monster count
 F = Spawn count percentage of total count
 G = Total turns spent on level
                    A         B        C        D         E        F      G
               +---------+---------+-------+---------+---------+-------+---------
         Total |       0 |    1099 |   0.0 |       0 |     106 |   0.0 |  4432
               +---------+---------+-------+---------+---------+-------+---------
           D:1 |       0 |      50 |   0.0 |       0 |      22 |   0.0 |   788
           D:2 |       0 |      78 |   0.0 |       0 |      16 |   0.0 |   910
           D:3 |       0 |     176 |   0.0 |       0 |      32 |   0.0 |  1093
           D:4 |       0 |     506 |   0.0 |       0 |      27 |   0.0 |  1465
           D:5 |       0 |     289 |   0.0 |       0 |       9 |   0.0 |   176
               +---------+---------+-------+---------+---------+-------+---------
